 Dungeon Crawl Stone Soup version 0.29.1-15-g9cfb28693d (webtiles) character file.

Game seed: 8323309442288576744

9 javelincjr the Trooper (level 2, 0/24 HPs)
             Began as a Demonspawn Abyssal Knight on Mar 25, 2023.
             Was a Believer of Lugonu.
             Slain by a bat (1 damage)
             ... on level 1 of the Dungeon.
             The game lasted 00:00:51 (460 turns).

javelincjr the Trooper (Demonspawn Abyssal Knight)   Turns: 460, Time: 00:00:52

Health: 0/24       AC:  3    Str: 13    XL:     2   Next: 6%
Magic:  4/4        EV: 11    Int: 11    God:    Lugonu [**....]
Gold:   15         SH:  0    Dex: 13    Spells: 1/1 levels left

rFire   . . .      SeeInvis .   a - +1 hand axe
rCold   . . .      Faith    .   (no shield)
rNeg    . . .      Spirit   .   b - +0 leather armour
rPois   .          Reflect  .   (no helmet)
rElec   .          Harm     .   (no cloak)
rCorr   .          Rampage  .   (no gloves)
Will    .....                   (no boots)
Stlth   +.........              (no amulet)
HPRegen 0.08/turn               (no ring)
MPRegen 0.18/turn               (no ring)

@: no status effects
A: magic regeneration
a: Renounce Religion, Depart the Abyss, Bend Space


You were on level 1 of the Dungeon.
You worshipped Lugonu.
Lugonu was pleased with you.
You visited 1 branch of the dungeon, and saw 1 of its levels.
You visited the Abyss 1 time.

You collected 15 gold pieces.

Inventory:

Hand Weapons
 a - a +1 hand axe (weapon)
Armour
 b - a +0 leather armour (worn)
Scrolls
 c - 2 scrolls of identify {unknown}
 d - a scroll of teleportation {unknown}


   Skills:
 + Level 3.1 Fighting
 + Level 1.9 Axes
 + Level 1.9 Armour
 + Level 1.1 Dodging
 + Level 2.7 Invocations


You had one spell level left.
You didn't know any spells.
Your spell library was empty.

Dungeon Overview and Level Annotations

Branches:
Dungeon (1/15)

Altars:


Innate Abilities, Weirdness & Mutations

You regenerate magic rapidly.


Message History

Found a scale mail.
The bat misses you.
The bat moves out of view.
A goblin and a frilled lizard come into view.
The goblin shouts!
The bat barely misses you.
You closely miss the quokka. The bat closely misses you.
The quokka closely misses you.
You hit the quokka but do no damage. You hit the kobold.
The bat barely misses you. The quokka bites you.
The kobold hits you but does no damage. The quokka bites you.
You barely miss the kobold.
The kobold is severely wounded.
You barely miss the quokka. The bat barely misses you. The quokka bites you.
The kobold hits you with a +0 short sword.
The kobold attacks as you move away! The kobold barely misses you.
The bat hits you.
You miss the bat. You hit the quokka but do no damage.
The bat hits you but does no damage. The quokka bites you.
The quokka barely misses you.
You hit the quokka.
The quokka is moderately wounded.
You closely miss the goblin. The goblin hits you but does no damage.
The quokka misses you.
You barely miss the quokka.
The quokka is moderately wounded.
You hit the goblin but do no damage. The quokka bites you.
* * * LOW HITPOINT WARNING * * *
The goblin hits you with a +0 club.
* * * LOW HITPOINT WARNING * * *
The quokka barely misses you. The goblin hits you but does no damage.
The quokka attacks as you move away! The quokka barely misses you.
The quokka attacks as you move away! The quokka barely misses you.
The quokka attacks as you move away! The quokka closely misses you.
The goblin misses you. The quokka attacks as you move away!
The quokka bites you.
* * * LOW HITPOINT WARNING * * *
The quokka barely misses you.
There is a stone staircase leading down here.
The quokka bites you but does no damage.
The bat hits you.
You die...

#.........b#
#.##...#..###
#.....[..#
..##...#.##
#.......#
#.##...).#
#....##
#.##...###
####..##
#.##...#
##bK#####'#...##
##.g..#......#
####rb......#
#.@......#
###......#
########


You could see a quokka, a goblin, 2 bats and a kobold.

Vanquished Creatures
  2 ball pythons (D:1)
  A hobgoblin (D:1)
  2 kobolds (D:1)
  A bat (D:1)
  2 goblins (D:1)
  A rat (D:1)
9 creatures vanquished.

Notes
Turn   | Place    | Note
-------+----------+-------------------------------------------
     0 | Abyss:1  | javelincjr the Demonspawn Abyssal Knight began the quest
                  | for the Orb.
     0 | Abyss:1  | Reached XP level 1. HP: 18/18 MP: 2/2
    61 | Abyss:1  | Noticed an ancient zyme
    61 | Abyss:1  | Noticed a starcursed mass
    62 | Abyss:1  | Noticed an ice devil
    64 | D:1      | Escaped the Abyss
   264 | D:1      | Reached skill level 1 in Dodging
   371 | D:1      | Gained mutation: You regenerate magic rapidly. [demonic
                  | ancestry]
   371 | D:1      | Reached XP level 2. HP: 24/24 MP: 4/4
   458 | D:1      | HP: 1/24 [quokka (2)]
   460 | D:1      | Slain by a bat

Illustrated notes

Levels and vault maps discovered:
D:1:      saegor_arrival_miasma, layout_basic

Skill      XL: |  1 |
---------------+----+-----
Dodging        | 1 |  1.1
Fighting       | |  3.1
Axes           | |  1.9
Armour         | |  1.9
Invocations    | |  2.7

Action                   || total
-------------------------++-------
Melee: Hand axe          ||    25
       Punch             ||     1
Invok: Depart the Abyss  ||     1
 Stab: Sleeping          ||     1
Armor: Leather armour    ||     9
Dodge: Dodged            ||    33
